 Dungeon Crawl Stone Soup version 0.18-a0-1799-g6250cb2 (webtiles) character file.

2695 AlphabetPasta the Basher (level 9, -3/69 HPs)
             Began as a Formicid Gladiator on Apr 22, 2016.
             Slain by a hill giant
             ... wielding a +0 giant club
              (29 damage)
             ... on level 10 of the Dungeon.
             The game lasted 00:52:14 (6848 turns).

AlphabetPasta the Basher (Formicid Gladiator)       Turns: 6848, Time: 00:52:15

Health: -3/69      AC: 15    Str: 22    XL:     9   Next: 96%
Magic:  9/9        EV: 10    Int:  9    God:
Gold:   479        SH:  0    Dex: 11    Spells: 0 memorised, 8 levels left

rFire  + . .     SeeInvis +     E - +1 morningstar (holy)
rCold  . . .     Gourm    .     q - +0 chain mail
rNeg   . . .     Faith    .     (no shield)
rPois  .         Spirit   .     (helmet unavailable)
rElec  .         Dismiss  .     m - +1 cloak
rCorr  .         Reflect  .     i - +0 pair of gloves (curse)
SustAt .         Harm     .     l - +1 pair of boots
MR     .....                    n - amulet of regeneration
Stlth  ..........               (no ring)
                                t - ring of protection from fire

@: not resistant to hostile enchantments, extremely unstealthy
A: permanent stasis, dig shafts and tunnels, four strong arms, antennae 3
a: Dig, Shaft Self


You were on level 10 of the Dungeon.
You were not hungry.

You visited 1 branch of the dungeon, and saw 9 of its levels.

You collected 501 gold pieces.
You spent 22 gold pieces at shops.

Inventory:

Hand Weapons
 a - a +0 flail
 E - a +1 morningstar of holy wrath (weapon)
Missiles
 j - 65 poisoned needles
Armour
 b - a +0 leather armour
 i - a cursed +0 pair of gloves (worn)
 l - a +1 pair of boots (worn)
 m - a +1 cloak (worn)
 q - a +0 chain mail (worn)
Jewellery
 g - an uncursed amulet of dismissal
 n - an amulet of regeneration (around neck)
 t - a ring of protection from fire (left hand)
 A - an uncursed ring of protection from fire
Wands
 r - a wand of polymorph (17/24)
 v - a wand of iceblast (8/15)
 y - a wand of digging (4/24)
Scrolls
 e - a scroll of enchant weapon
 f - 2 scrolls of fog
 k - a scroll of enchant armour
 o - 2 scrolls of remove curse
Potions
 c - 2 potions of cancellation
 s - 6 potions of curing
 w - a potion of resistance
 z - 2 potions of heal wounds
Comestibles
 d - 4 bread rations
 h - 14 chunks of flesh
 p - a slice of pizza
 u - 2 beef jerkies
 x - a fruit
 C - 2 meat rations


   Skills:
 + Level 6.2 Fighting
 * Level 8.0 Maces & Flails
 + Level 5.7 Throwing
 + Level 5.2 Armour
 + Level 5.5 Dodging


You had 8 spell levels left.
You didn't know any spells.

Dungeon Overview and Level Annotations

Branches:
Dungeon (10/15)
 Temple: D:4-7         Lair: D:8-11         Orc: D:9-12

Altars:
Cheibriados
Elyvilon
Fedhas
Kikubaaqudgha
Pakellas
Yredelemnul

Shops:
D:4 *

Annotations:
D:7 Pikel
D:9 Gastronok


Innate Abilities, Weirdness & Mutations

You are under a permanent stasis effect.
You can dig through walls and to a lower floor.
Your four strong arms can wield two-handed weapons with a shield.
You have a pair of large antennae on your head (SInv).


Message History

s - 6 potions of curing (gained 1)
There are no items here.
Drink which item? (? for menu, Esc to quit)
Okay, then.
A worker ant zombie comes into view.
You sock the hill giant!
The hill giant is moderately wounded.
The hill giant hits you with a giant club!
You puncture the hill giant!
The hill giant is heavily wounded.
The hill giant hits you with a giant club.
You hit the hill giant but do no damage.
The hill giant is heavily wounded.
You sock the hill giant!
The hill giant is heavily wounded.
The hill giant hits you with a giant club!!
You sock the hill giant!
The hill giant is severely wounded.
The hill giant hits you with a giant club!!
You die...

#.. #.. #..
#.# #.# #Z#.#
#C#.#
####@#.#
#>.....###.#
#.##.......#
#.#.?.####.#
#.#...### ##
#.......##...
#...........
#.......###
#.#...####


You could see a hill giant and a worker ant zombie.

Vanquished Creatures
  Joseph (D:9)
  2 hippogriffs (D:10)
  Menkaure (D:4)
  Edmund (D:6)
  An ice beast (D:9)
  A slave (D:7)
  A sky beast (D:5)
  A black bear (D:6)
  An orc warrior (D:9)
  2 phantoms
  A necrophage (D:10)
  2 ogres
  2 centaurs (D:6)
  2 giant frogs
  2 crimson imps
  2 giant frog zombies (D:9)
  2 centaur zombies
  2 hounds (D:5)
  Crazy Yiuf (D:3)
  3 orc priests
  4 orc wizards
  A centaur skeleton (D:6)
  A giant frog skeleton (D:6)
  An iguana (D:4)
  2 worker ants (D:6)
  5 adders
  5 gnolls
  A shadow imp (D:7)
  2 oozes
  An adder skeleton (D:6)
  4 worms
  3 dart slugs
  3 giant geckos
  15 orcs
  A ball python (D:5)
  5 bats
  A giant cockroach (D:3)
  10 goblins
  7 hobgoblins
  8 jackals
  5 kobolds
  3 quokkas
  A giant newt (D:2)
  A quokka skeleton (D:7)
  A quokka zombie (D:5)
  6 rats
  A fungus (D:3)
129 creatures vanquished.

Notes
Turn   | Place    | Note
--------------------------------------------------------------
     0 | D:1      | AlphabetPasta the Formicid Gladiator began the quest for the Orb.
     0 | D:1      | Reached XP level 1. HP: 16/16 MP: 1/1
    60 | D:1      | Reached XP level 2. HP: 20/22 MP: 2/2
   165 | D:1      | Reached skill level 1 in Armour
   165 | D:1      | Reached XP level 3. HP: 28/28 MP: 3/3
  1167 | D:2      | Found a snail-covered altar of Cheibriados.
  1196 | D:2      | Reached XP level 4. HP: 34/34 MP: 4/4
  1217 | D:2      | Found a blossoming altar of Fedhas.
  1219 | D:2      | Found an ancient bone altar of Kikubaaqudgha.
  1711 | D:2      | Reached XP level 5. HP: 13/41 MP: 5/5
  2277 | D:3      | Reached skill level 4 in Maces & Flails
  2681 | D:3      | Found a basalt altar of Yredelemnul.
  2725 | D:3      | Found an oddly glowing altar of Pakellas.
  3026 | D:3      | Noticed Crazy Yiuf
  3034 | D:3      | HP: 1/41 [Crazy Yiuf/quarterstaff of chaos (2)]
  3036 | D:3      | Killed Crazy Yiuf
  3375 | D:4      | Found Qinnomom's General Store.
  3484 | D:4      | Found a white marble altar of Elyvilon.
  3526 | D:4      | Reached XP level 6. HP: 47/47 MP: 6/6
  3691 | D:4      | Noticed Menkaure
  3696 | D:4      | Killed Menkaure
  4097 | D:4      | Reached XP level 7. HP: 16/53 MP: 7/7
  4362 | D:4      | Reached skill level 5 in Maces & Flails
  4535 | D:4      | Bought a scroll of identify for 22 gold pieces
  4563 | D:5      | Entered Level 5 of the Dungeon
  4701 | D:5      | Found an oddly glowing altar of Pakellas.
  5004 | D:5      | Reached XP level 8. HP: 53/61 MP: 8/8
  5534 | D:6      | Reached skill level 6 in Maces & Flails
  5945 | D:6      | Noticed Edmund
  5952 | D:6      | Killed Edmund
  5952 | D:6      | Reached skill level 5 in Fighting
  6007 | D:6      | Reached XP level 9. HP: 63/68 MP: 9/9
  6433 | D:7      | Noticed Pikel
  6441 | D:7      | Reached skill level 7 in Maces & Flails
  6469 | D:7      | You fall through a shaft for 2 floors!
  6575 | D:9      | Noticed Joseph
  6596 | D:9      | Reached skill level 5 in Throwing
  6596 | D:9      | Reached skill level 5 in Dodging
  6611 | D:9      | Killed Joseph
  6673 | D:10     | Entered Level 10 of the Dungeon
  6734 | D:9      | Noticed Gastronok
  6734 | D:9      | Reached skill level 5 in Armour
  6803 | D:10     | Reached skill level 8 in Maces & Flails
  6839 | D:10     | Noticed a hill giant
  6848 | D:10     | Slain by a hill giant

Vault maps used:
D:1:      minmay_arrival_radiant_lines
D:2:      grunt_temple_overflow_growth_and_decay, old_standard_altar
D:3:      nicolae_overflow_crystal_walls, overflow_temple_1_default,
          first_bread, uniq_crazy_yiuf_cottage
D:4:      elyvilon_altar_4, serial_shops, shop_coins, uniq_menkaure
D:5:      grunt_pakellas_sulfur
D:6:      serial_park_tiny_2, uniq_edmund
D:7:      minmay_temple_entry_large_hall, uniq_pikel
D:9:      xom_butterflies, nicolae_overflow_hidden_temple, old_standard_altar,
          grunt_decor_cap, uniq_erolcha, uniq_gastronok, uniq_joseph
D:10:     david_lair_generic, serial_shops, kennysheep_mini, grunt_tengu_nest,
          kennysheep_generic_room_15, uniq_maurice

Skill      XL: |  1  2  3  4  5  6  7  8  9 |
---------------+----------------------------+-----
Armour         | 1 2 3 4 5 |  5.2
Dodging        | 3 4 5 |  5.5
Fighting       | 3 4 5 6 |  6.2
Maces & Flails | 4 5 6 8 |  8.0
Throwing       | 3 4 5 |  5.7

Action                   |  1- 3 |  4- 6 |  7- 9 || total
-------------------------+-------+-------+-------++-------
Melee: Flail             |    88 |   165 |       ||   253
       Morningstar       |       |    33 |   228 ||   261
Throw: Throwing net      |     3 |     3 |       ||     6
 Abil: Shaft Self        |       |       |     1 ||     1
Evoke: Wand              |       |       |     1 ||     1
  Use: Scroll            |       |       |    20 ||    20
       Potion            |       |       |     3 ||     3
 Stab: Held in net/web   |     2 |     1 |       ||     3
  Eat: Chunk             |     1 |     8 |     5 ||    14
       Meat ration       |       |     1 |       ||     1
       Pizza             |       |       |     1 ||     1
Armor: Leather armour    |    17 |    32 |    29 ||    78
       Chain mail        |       |       |    79 ||    79
Dodge: Dodged            |    41 |    93 |   130 ||   264
